Map: Oxide LE

Players

Cheater 2 (Insane)

  • Race: Terran Terran
  • Spawn Location: 1:00

Cheater 1 (Insane)

  • Race: Protoss Protoss
  • Spawn Location: 7:00

Event: TSL 6

VOD

Have the link to the VOD?

Description

Time

  • Played on: Dec. 12, 2020, 3:28 a.m.
  • Length: 8:20

All games in this series

Show
View Real Time Build Order
Export as new Build Order

Cheater 2 (Insane) Terran 

Build Orders:  

Get SALT Encoding   

  12  0:00  SCV  
  13  0:13  SCV  
  14  0:17  Supply Depot  
  14  0:25  SCV  
  15  0:39  SCV  
  15  0:41  Refinery  
  15  0:42  Barracks  
  16  0:51  SCV  
  16  0:55  Barracks  
  17  1:03  SCV  
  18  1:15  SCV  
  19  1:25  Barracks  
  19  1:30  Orbital Command, Reaper  
  20  1:38  Supply Depot  
  20  1:42  Marine  
  21  1:56  Supply Depot, SCV  
  21  2:00  Reaper  
  23  2:01  Marine  
  23  2:08  SCV  
  25  2:12  Reaper  
  25  2:15  Command Center  
  26  2:19  Reaper  
  27  2:27  SCV  
  28  2:32  Refinery, Reaper  
  29  2:39  Supply Depot, SCV  
  30  2:44  Marine  
  31  2:51  Marine  
  32  3:02  Marine  
  32  3:04  Marine  
  34  3:09  Marine  
  35  3:14  SCV  
  35  3:17  Factory  
  36  3:20  Reaper  
  36  3:21  Marine  
  36  3:24  Supply Depot  
  36  3:26  SCV x2  
  40  3:27  Marine  
  41  3:37  Supply Depot  
  41  3:38  SCV x2  
  41  3:39  Marine  
  44  3:45  Marine  
  45  3:50  SCV x2  
  45  3:52  Barracks Tech Lab  
  47  3:59  Supply Depot, Barracks Tech Lab  
  47  4:02  Supply Depot, Factory Tech Lab, SCV, Marine  
  44  4:03  SCV  
  41  4:10  Marine  
  41  4:14  SCV  
  41  4:17  Marine  
  43  4:18  Orbital Command, Starport  
  43  4:20  Marine  
  43  4:22  Siege Tank  
  48  4:24  Refinery  
  48  4:26  SCV  
  48  4:27  Marine  
  48  4:28  Refinery  
  48  4:30  Stimpack  
  50  4:34  Marine  
  51  4:38  SCV, Marine  
  51  4:43  SCV  
  54  4:46  Marauder  
  54  4:47  Combat Shield  
  54  4:48  Engineering Bay  
  54  4:50  SCV  
  57  4:52  Engineering Bay  
  57  4:53  Marauder  
  57  4:54  Siege Tank  
  57  4:55  SCV  
  57  4:56  Marine  
  64  5:02  SCV  
  64  5:07  Medivac, Marauder, SCV  
  67  5:13  Terran Infantry Weapons Level 1  
  67  5:14  Marine  
  70  5:15  Barracks Reactor, Missile Turret, SCV  
  70  5:18  Terran Infantry Armor Level 1  
  70  5:19  Missile Turret, SCV  
  73  5:22  Barracks  
  73  5:27  SCV  
  74  5:29  Marauder  
  74  5:31  SCV  
  74  5:32  Marauder  
  74  5:34  Supply Depot  
  79  5:37  Viking  
  79  5:39  SCV  
  79  5:40  Missile Turret  
  82  5:43  SCV  
  83  5:50  Marauder  
  83  5:51  SCV  
  83  5:53  Marine  
  83  5:56  SCV, Marine  
  89  5:57  Factory  
  89  5:58  Supply Depot, Marine  
  89  6:01  Missile Turret  
  89  6:03  Command Center, Starport, SCV  
  91  6:07  Starport Tech Lab  
  91  6:08  SCV  
  94  6:11  Marauder x2  
  94  6:14  Marine  
  94  6:15  SCV  
  94  6:17  Concussive Shells  
  98  6:20  SCV  
  98  6:22  Missile Turret  
  98  6:23  Supply Depot  
  98  6:25  Armory, Viking  
  103  6:33  Marauder x2  
  103  6:39  Viking  
  107  6:42  Missile Turret  
  107  6:44  Missile Turret  
  107  6:45  Factory Tech Lab  
  107  6:47  Ghost Academy  
  107  6:48  Supply Depot  
  107  6:51  Armory, Marine x2  
  107  6:52  Marine  
  114  6:54  Marauder x2  
  114  6:55  Medivac  
  114  6:57  Barracks  
  116  7:07  Missile Turret  
  116  7:08  Hi-Sec Auto Tracking  
  116  7:09  Viking  
  116  7:12  Supply Depot  
  116  7:15  Marauder, Marine  
  122  7:16  Marauder, SCV  
  122  7:17  SCV x2  
  122  7:22  Marine  
  117  7:24  Medivac  
  117  7:25  Marine  
  117  7:26  Refinery  
  117  7:28  SCV  
  117  7:29  SCV  
  108  7:30  SCV  
  108  7:31  Refinery  
  108  7:32  Command Center  
  108  7:33  Marine  
  108  7:36  Marine  
  94  7:37  Marauder  
  94  7:39  Viking  
  94  7:40  SCV, Marine  
  94  7:41  SCV  
  94  7:42  Marine  
  94  7:43  SCV  
  91  7:44  Marine  
  91  7:51  Missile Turret, Marine  
  93  7:52  SCV  
  93  7:54  Missile Turret, SCV  
  93  7:55  Marauder, SCV  
  93  7:58  Marine  
  103  8:01  Marine  
  103  8:04  SCV  
  106  8:06  SCV  
  106  8:10  Starport Reactor  
Show
View Real Time Build Order
Export as new Build Order

Cheater 1 (Insane) Protoss 

Build Orders: Archon Immortal 

Get SALT Encoding   

  12  0:01  Probe  
  13  0:13  Probe  
  14  0:19  Pylon  
  14  0:25  Probe  
  15  0:33  Probe  
  15  0:41  Probe  
  15  0:42  Assimilator  
  16  0:46  Gateway  
  17  0:51  Probe  
  17  0:53  Pylon  
  18  1:00  Probe  
  19  1:08  Probe  
  19  1:18  Probe  
  20  1:22  Gateway  
  21  1:30  Probe  
  21  1:31  Pylon  
  22  1:33  Zealot  
  22  1:37  Cybernetics Core  
  24  1:42  Probe  
  24  1:43  Assimilator  
  25  1:54  Probe  
  25  2:00  Zealot  
  28  2:02  Probe  
  29  2:10  Probe  
  29  2:14  Adept  
  32  2:16  Warp Gate, Robotics Facility  
  32  2:20  Probe  
  32  2:21  Pylon  
  33  2:27  Adept  
  35  2:44  Adept  
  35  2:47  Pylon  
  37  2:54  Immortal  
  37  2:57  Sentry  
  39  2:58  Pylon  
  43  3:14  Stalker  
  43  3:18  Pylon  
  45  3:23  Stalker  
  47  3:33  Immortal  
  51  3:44  Adept  
  51  3:48  Pylon  
  53  3:53  Adept  
  53  4:12  Immortal  
  57  4:19  Adept, Probe  
  57  4:20  Gateway  
  57  4:23  Twilight Council  
  60  4:26  Forge  
  60  4:28  Pylon, Nexus  
  60  4:31  Stalker, Probe  
  62  4:33  Zealot  
  65  4:41  Protoss Ground Weapons Level 1  
  65  4:52  Stalker  
  67  4:54  Sentry  
  69  5:06  Templar Archives  
  69  5:08  Pylon  
  69  5:14  Zealot  
  69  5:15  Zealot  
  69  5:17  Zealot  
  75  5:27  Forge  
  75  5:34  Zealot  
  77  5:35  Zealot  
  77  5:36  Gateway  
  77  5:37  Zealot  
  77  5:41  Pylon  
  77  5:42  Probe x2  
  83  5:54  Probe  
  83  5:55  Stalker, Probe, Pylon, High Templar  
  89  5:57  Assimilator, High Templar  
  89  5:59  Protoss Ground Armor Level 1  
  89  6:02  Assimilator  
  91  6:06  Probe, Nexus  
  93  6:11  Archon, Probe  
  93  6:18  Zealot, Probe  
  94  6:23  Probe  
  97  6:27  Stalker  
  97  6:30  Probe, High Templar x2  
  105  6:32  Observer  
  105  6:33  Zealot  
  105  6:35  Probe  
  108  6:42  Probe  
  108  6:45  Pylon  
  108  6:47  Archon, High Templar, Probe  
  109  6:51  Stalker  
  109  6:54  Probe, Immortal  
  118  6:59  Probe  
  120  7:02  Stalker  
  120  7:04  High Templar  
  120  7:06  Pylon, Probe  
  125  7:12  Zealot, Probe  
  125  7:14  Stalker  
  126  7:18  Probe  
  109  7:24  Probe  
  109  7:25  Archon, Zealot, Immortal  
  94  7:30  Probe  
  94  7:32  High Templar  
  94  7:33  Zealot  
  94  7:36  Zealot, Photon Cannon  
  99  7:39  Pylon  
  99  7:42  Nexus  
  99  7:45  High Templar  
  99  7:47  Stalker  
  103  7:57  Stalker  
  105  8:01  Archon  
  105  8:04  Adept, Photon Cannon  
  109  8:08  Photon Cannon  
  109  8:10  Stalker  
  111  8:17  High Templar  
  111  8:19  Zealot  
Tags
 
Composition
Archon Immortal
Event
TSL 6
Matchup
PvT
Spawn Locations
Cross Positions
Add a new tag
Caveats
  • Supply blocks, unpowered buildings, or Contaminate may cause inaccurate times.
  • Supply counts are checked every 10 seconds.